 Dungeon Sprint DCSS version 0.30-a0-1160-g6e42c06551 (webtiles) character file.

Game seed: 13703542472084116578

112 fozzywoppz the Ducker (level 4, -5/38 HPs)
             Began as a Demonspawn Monk on Apr 27, 2023.
             Was a Believer of Qazlal.
             Slain by a +1 heavy halberd (24 damage)
             ... in the Dungeon (Sprint V: "Ziggurat Sprint").
             The game lasted 00:02:12 (178 turns).

fozzywoppz the Ducker (Demonspawn Monk)              Turns: 178, Time: 00:02:13

Health: -5/38      AC: 18    Str: 23    XL:     4   Next: 63%
Magic:  7/7        EV: 11    Int: 11    God:    Qazlal [**....]
Gold:   0          SH:  3    Dex: 18    Spells: 3/3 levels left

rFire   + . .        C - +16 obsidian axe {drain, demonic, Mesm Drain Fly SInv}
rCold   + . .        d - orb {light}
rNeg    . . .        E - +5 gold dragon scales
rPois   +            (helmet restricted)
rElec   .            (no cloak)
rCorr   .            (no gloves)
SInv    +            (no boots)
Will    .....        (no amulet) Stlth
                     A - +6 ring of strength
HPRegen 0.26/turn    B - +6 ring of strength
MPRegen 0.10/turn

%: no teleportation
@: agile, flying, mesmerised, glowing
A: horns 1, powered by pain 1
a: Renounce Religion, Upheaval


You were in the Dungeon.
You worshipped Qazlal.
Qazlal was pleased with you.
You visited 1 branch

Inventory:

Hand Weapons
 C - the +16 obsidian axe (weapon) {drain, demonic, Mesm Drain Fly SInv}
   (You found it in the Dungeon)

   Mesm:      Its wielder is mesmerised by any visible foes, and it cannot be
   unequipped while any foes are visible.
   SInv:      It lets you see invisible.
   Fly:       It grants you flight.
   Drain:     It drains your maximum health when unequipped.
 D - a +5 broad axe
Armour
 d - an orb of light (worn)
 E - +5 gold dragon scales (worn)
 F - a +3 tower shield
Jewellery
 v - a ring of flight
 w - a +6 ring of dexterity
 x - a +6 ring of dexterity
 y - a +6 ring of intelligence
 z - a +6 ring of intelligence
 A - a +6 ring of strength (left hand)
 B - a +6 ring of strength (right hand)
Wands
 a - a wand of polymorph (2)
 t - a wand of mindburst (7)
 u - a wand of light (15)
Scrolls
 j - 4 scrolls of blinking
 p - 4 scrolls of amnesia
 q - 7 scrolls of fog
 r - 5 scrolls of identify
 s - 2 scrolls of fear
Potions
 c - a potion of ambrosia
 e - 10 potions of curing
 f - 10 potions of heal wounds
 g - 6 potions of haste
 h - 7 potions of magic
 i - 3 potions of berserk rage
 k - 2 potions of brilliance
 l - 2 potions of invisibility
 m - 4 potions of resistance
 o - 5 potions of might


   Skills:
 + Level 4.7 Fighting
 + Level 4.3 Axes
 - Level 3.6 Armour
 + Level 5.8 Dodging
 - Level 3.6 Shields
 + Level 4.6 Invocations


You had 3 spell levels left.
You didn't know any spells.
Your spell library was empty.

Dungeon Overview and Level Annotations

Branches:
Dungeon (1/1)

Altars:
Ashenzari
Cheibriados
Dithmenos
Fedhas
Gozag
Hepliaklqana
Kikubaaqudgha
Makhleb
Nemelex Xobeh
Okawaru
Qazlal
Ru
Sif Muna
Trog
Uskayaw
Vehumet
Wu Jian
Xom
Yredelemnul
Jiyva
Lugonu

Annotations:
D 1 transporter


Innate Abilities, Weirdness & Mutations

You have a pair of small horns on your head.
You sometimes gain a little power by taking damage.


Message History

The water moccasin bites you but does no damage.
You slash the water moccasin!
You are no longer entranced.
You kill the water moccasin!
Qazlal accepts your kill.
Your Fighting skill increases to level 4!
Your Axes skill gained 2 levels and is now at level 4!
Your Dodging skill increases to level 5!
Your Invocations skill gained 4 levels and is now at level 4!
You have reached level 3!
Your experience leads to an increase in your attributes!
Your base attributes are Str 11, Int 11, Dex 15.
Increase (S)trength, (I)ntelligence, or (D)exterity?
You feel agile. x2; Your demonic ancestry asserts itself...
A pair of horns grows on your head!
You have reached level 4!
You feel agile.
You see here a water moccasin corpse.
a - a wand of polymorph (2)
You see here a +1 scimitar of holy wrath.
There is a transporter here.
You start resting.
Magic restored.
You start resting.
HP restored.
Welcome to arena 2.
You enter the transporter and appear at another place.
A deep elf pyromancer, a +1 heavy halberd and a fire elemental come into view.
Visions of slaying the +1 heavy halberd flood into your mind.
Found three items.
Found a transporter.
The +1 heavy halberd hits you from afar!!
Ouch! That really hurt!
You focus on the pain.
You feel agile all of a sudden.
Unknown command.
Visions of slaying the fire elemental flood into your mind.
The fire elemental barely misses you.
The +1 heavy halberd hits you from afar!!
Ouch! That really hurt!
You die...

▓▓▓▓▓▓▓▓▓▓▓▓▓
▓.8©8.▓.8©8.▓
▓.:=°.▓.....▓
▓...○.▓...).▓
▓..(E.▓.....▓
▓..e§@▓.†...▓
▓.....▓..©..▓
▓..©..▓▓▓▓▓▓▓
▓▓▓▓▓▓▓


You could see a deep elf pyromancer, a fire elemental (mesmerising) and a +1
heavy halberd.

Vanquished Creatures
  A water moccasin (D)
  A ball python (D)
2 creatures vanquished.

Notes
Turn   | Place    | Note
-------+----------+-------------------------------------------
     0 | D        | fozzywoppz the Demonspawn Monk began the quest for the Orb.
     0 | D        | Reached XP level 1. HP: 18/18 MP: 1/1
     0 | D        | Found a shimmering blue altar of Sif Muna.
     0 | D        | Found a sacrificial altar of Ru.
     0 | D        | Found a bloodstained altar of Trog.
     0 | D        | Found a stormy altar of Qazlal.
     0 | D        | Found an iron altar of Okawaru.
     0 | D        | Found a sparkling altar of Nemelex Xobeh.
     0 | D        | Found a blossoming altar of Fedhas.
     0 | D        | Found the +6 Majin-Bo {spellvamp, MP+6 Int+6}
     0 | D        | Found the +27 heavy crossbow "Sniper" {heavy, Acc+∞ SInv}
     0 | D        | Found the +10 dark maul {heavy}
     0 | D        | Found the +15 Maxwell's patent armour {-Cast -Tele rElec
                  | Will+ rCorr}
     0 | D        | Found the +18 shield of the Gong {Loud rN+ Will+ rCorr
                  | EV-5}
     0 | D        | Found the +16 obsidian axe {drain, demonic, Mesm Drain Fly
                  | SInv}
     0 | D        | Found the +7 great mace "Firestarter" {flame, immolate,
                  | rFlCloud rF++}
     0 | D        | Found the +6 shillelagh "Devastator" {shatter}
     0 | D        | Found the +11 plutonium sword {Contam Stlth-}
     0 | D        | Found the +8 lance "Wyrmbane" {slay drac, rPois rF+ rC+
                  | AC+3}
     0 | D        | Found the +9 sword of Zonguldrok {reap}
     0 | D        | Found the +13 scythe of Curses {drain, curses, Drain}
     0 | D        | Found the +9 sword of Power {lifebolt}
     0 | D        | Found the +7 mace of Variability {chaos, chaos arc}
     0 | D        | Found the +11 Singing Sword {sonic wave}
     0 | D        | Found the +8 storm bow {elec, penet}
     1 | D        | Banished a spatial maelstrom
     2 | D        | Found a transporter.
     2 | D        | Found an ancient bone altar of Kikubaaqudgha.
     2 | D        | Found a viscous altar of Jiyva.
     2 | D        | Found a corrupted altar of Lugonu.
     2 | D        | Found a hazy altar of Hepliaklqana.
     2 | D        | Found a burning altar of Makhleb.
     2 | D        | Found an opulent altar of Gozag.
    89 | D        | Became a worshipper of Qazlal Stormbringer
    89 | D        | Reached * piety under Qazlal
    89 | D        | Reached ** piety under Qazlal
    95 | D        | Reached skill level 4 in Dodging
    95 | D        | Gained mutation: You sometimes gain a little power by
                  | taking damage. [demonic ancestry]
    95 | D        | Reached XP level 2. HP: 24/24 MP: 2/2
   101 | D        | Entered arena 2.
   101 | D        | Noticed a water moccasin
   101 | D        | Found a transporter.
   105 | D        | Killed a water moccasin
   106 | D        | Reached skill level 5 in Dodging
   106 | D        | Gained mutation: You have a pair of small horns on your
                  | head. [demonic ancestry]
   106 | D        | Reached XP level 3. HP: 16/31 MP: 2/6
   106 | D        | Reached XP level 4. HP: 19/38 MP: 2/7
   176 | D        | Entered arena 3.
   176 | D        | Noticed a deep elf pyromancer
   176 | D        | Noticed a +1 heavy halberd
   176 | D        | Noticed a fire elemental
   176 | D        | Found a transporter.
   178 | D        | Slain by a +1 heavy halberd

Illustrated notes

Levels and vault maps discovered:
D:        sprint_v [room_start, room_1, room_2, room_3, room_4, room_5, room_6,
          room_7, room_8, room_9, room_10, room_11, room_12, room_13, room_14,
          room_15, room_16, room_17, room_18, room_19, room_20, room_21,
          room_22, room_23, room_24, room_25, room_26, room_27]

Skill      XL: |  1  2 |
---------------+-------+-----
Armour         | 3 |  3.6
Dodging        | 4 5 |  5.8
Shields        | 3 |  3.6
Fighting       | 4 |  4.7
Axes           | 4 |  4.3
Invocations    | 4 |  4.6

Action                     |  1- 3 |  4- 6 || total
---------------------------+-------+-------++-------
  Melee: Broad axe         |     3 |       ||     3
    Use: Potion            |     1 |       ||     1
 Armour: Gold dragon scale |     3 |       ||     3
  Dodge: Dodged            |       |     1 ||     1

Table legend: (Time is in decaauts)
 A = Elapsed time spent in this place.
 B = Non-inter-level travel time spent in this place.
 C = Inter-level travel time spent in this place.
 D = Time resting spent in this place.
 E = Time spent auto-exploring this place.
 F = Levels seen in this place.
 G = Mean time per level.
                   A        B        C        D        E       F      G
               +--------+--------+--------+--------+--------+-----+--------+
         Total |    177 |    177 |      0 |     62 |      0 |   1 |  177.0 |
       Dungeon |    177 |    177 |      0 |     62 |      0 |   1 |  177.0 |
               +--------+--------+--------+--------+--------+-----+--------+

Top non-repeatable levels by time:
       D: 177 daAuts
